TOP OF THE 1ST |
Utica Unicorns batting - Pitching for Louisville Bats : LHP George Moore
|
Pitching: LHP George Moore
|
|
Batting: LHB Jesús Raugel
|
0-0: Called Strike 0-1: Foul Ball, location: 2F 0-2: Strikes out swinging
|
Batting: RHB Mitsuoki Taguchi
|
0-0: SINGLE (Groundball, 6MS) (infield hit)
|
Batting: RHB José Velázquez
|
0-0: Ball Mitsuoki Taguchi steals 2nd base 1-0: Ball 2-0: Ball 3-0: Called Strike 3-1: Base on Balls
|
Batting: LHB Mitchell Oglethorpe
|
0-0: Swinging Strike 0-1: Swinging Strike 0-2: Ball 1-2: Strikes out swinging
|
Batting: RHB Franklin Shaw
|
0-0: Called Strike 0-1: Foul Ball, location: 2F 0-2: Foul Ball, location: 2F 0-2: Ball 1-2: Foul Ball, location: 2F 1-2: Fielders Choice at 2nd, 4-6 (Groundball, 4)
|
Top of the 1st over - 0 run(s), 1 hit(s), 0 error(s), 1 left on base; Utica 0 - Louisville 0 |
BOTTOM OF THE 1ST |
Louisville Bats batting - Pitching for Utica Unicorns : RHP Manuel González
|
Pitching: RHP Manuel González
|
|
Batting: LHB Ramón Morales
|
0-0: Ball 1-0: Called Strike 1-1: Ball 2-1: Foul Ball, location: 2F 2-2: Foul Ball, location: 2F 2-2: Ball 3-2: Foul Ball, location: 2F 3-2: Foul Ball, location: 2F 3-2: Base on Balls
|
Batting: RHB Dick Slagboom
|
0-0: Ball 1-0: Called Strike 1-1: Ball 2-1: Foul Ball, location: 2F 2-2: Grounds into double play, 5-4-3 (Groundball, 56)
|
Batting: RHB Eric Thompson
|
0-0: Ground out 5-3 (Groundball, 56S)
|
Bottom of the 1st over - 0 run(s), 0 hit(s), 0 error(s), 0 left on base; Utica 0 - Louisville 0 |
TOP OF THE 2ND |
Utica Unicorns batting - Pitching for Louisville Bats : LHP George Moore
|
Batting: RHB Jeff Lloyd
|
0-0: Ball 1-0: Fly out, F8 (Flyball, 8LM)
|
Batting: LHB Raúl Morales
|
0-0: Foul Ball, location: 2F 0-1: Ball 1-1: Ball 2-1: Ball 3-1: Foul Ball, location: 2F 3-2: Base on Balls
|
Batting: LHB Bill Hall
|
0-0: Called Strike 0-1: Ball 1-1: Foul Ball, location: 2F 1-2: Strikes out swinging
|
Batting: RHB Gustavo Rodríguez
|
0-0: SINGLE (Groundball, 56D) Raúl Morales to second
|
Batting: LHB Jesús Raugel
|
0-0: Fly out, F9 (Flyball, 9LD)
|
Top of the 2nd over - 0 run(s), 1 hit(s), 0 error(s), 2 left on base; Utica 0 - Louisville 0 |
BOTTOM OF THE 2ND |
Louisville Bats batting - Pitching for Utica Unicorns : RHP Manuel González
|
Batting: LHB Mike Callahan
|
0-0: Foul Ball, location: 2F 0-1: Ball 1-1: Swinging Strike 1-2: Ball 2-2: Ground out 3-1 (Groundball, 34)
|
Batting: RHB Jesús Cabrera
|
0-0: Called Strike 0-1: Called Strike 0-2: Foul Ball, location: 2F 0-2: Ball 1-2: Ground out 5-3 (Groundball, 56S)
|
Batting: LHB Don Soper
|
0-0: Ball 1-0: Foul Ball, location: 2F 1-1: Foul Ball, location: 2F 1-2: Ground out U3 (Groundball, 34S)
|
Bottom of the 2nd over - 0 run(s), 0 hit(s), 0 error(s), 0 left on base; Utica 0 - Louisville 0 |
TOP OF THE 3RD |
Utica Unicorns batting - Pitching for Louisville Bats : LHP George Moore
|
Batting: RHB Mitsuoki Taguchi
|
0-0: Called Strike 0-1: Ball 1-1: Swinging Strike 1-2: Strikes out swinging
|
Batting: RHB José Velázquez
|
0-0: Ball 1-0: Foul Ball, location: 2F 1-1: Ball 2-1: Swinging Strike 2-2: Ball 3-2: Base on Balls
|
Batting: LHB Mitchell Oglethorpe
|
0-0: Ball 1-0: Called Strike 1-1: Called Strike 1-2: Ball 2-2: Ball 3-2: Grounds into double play, 4-6-3 (Groundball, 4)
|
Top of the 3rd over - 0 run(s), 0 hit(s), 0 error(s), 0 left on base; Utica 0 - Louisville 0 |
BOTTOM OF THE 3RD |
Louisville Bats batting - Pitching for Utica Unicorns : RHP Manuel González
|
Batting: RHB John Denton
|
0-0: Foul Ball, location: 2F 0-1: Ball 1-1: Called Strike 1-2: Ball 2-2: Foul Ball, location: 2F 2-2: Ball 3-2: Fly out, F9 (Line Drive, 89M)
|
Batting: RHB Kirk Powell
|
0-0: Foul Ball, location: 2F 0-1: Ball 1-1: Ball 2-1: Ball 3-1: SINGLE (Flyball, 7S)
|
Batting: RHB Shawn Marshall
|
0-0: Ball Pickoff Throw to First - Out! 1-0: Foul Ball, location: 2F 1-1: DOUBLE (Groundball, 5L)
|
Batting: LHB Ramón Morales
|
0-0: Called Strike 0-1: Foul Ball, location: 2F 0-2: Ball 1-2: Foul Ball, location: 2F 1-2: Ground out 4-3 (Groundball, 4)
|
Bottom of the 3rd over - 0 run(s), 2 hit(s), 0 error(s), 1 left on base; Utica 0 - Louisville 0 |
TOP OF THE 4TH |
Utica Unicorns batting - Pitching for Louisville Bats : LHP George Moore
|
Batting: RHB Franklin Shaw
|
0-0: Ball 1-0: Foul Ball, location: 2F 1-1: Foul Ball, location: 2F 1-2: DOUBLE (Line Drive, 7LM)
|
Batting: RHB Jeff Lloyd
|
0-0: Ball 1-0: Fly out, F7 (Line Drive, 7)
|
Batting: LHB Raúl Morales
|
0-0: Ball 1-0: Swinging Strike 1-1: Called Strike 1-2: Ball 2-2: Strikes out looking
|
Batting: LHB Bill Hall
|
0-0: Called Strike 0-1: Ground out U3 (Groundball, 3)
|
Top of the 4th over - 0 run(s), 1 hit(s), 0 error(s), 1 left on base; Utica 0 - Louisville 0 |
BOTTOM OF THE 4TH |
Louisville Bats batting - Pitching for Utica Unicorns : RHP Manuel González
|
Batting: RHB Dick Slagboom
|
0-0: Foul Ball, location: 2F 0-1: Swinging Strike 0-2: Strikes out swinging
|
Batting: RHB Eric Thompson
|
0-0: Foul Ball, location: 2F 0-1: Ball 1-1: Swinging Strike 1-2: Ball 2-2: Ball 3-2: Foul Ball, location: 2F 3-2: Ground out 5-3 (Groundball, 5L)
|
Batting: LHB Mike Callahan
|
0-0: Foul Ball, location: 2F 0-1: Ball 1-1: Ball 2-1: Fly out, F7 (Line Drive, 7LM)
|
Bottom of the 4th over - 0 run(s), 0 hit(s), 0 error(s), 0 left on base; Utica 0 - Louisville 0 |
TOP OF THE 5TH |
Utica Unicorns batting - Pitching for Louisville Bats : LHP George Moore
|
Batting: RHB Gustavo Rodríguez
|
0-0: Called Strike 0-1: Ball 1-1: Fly out, F5 (Popup, 56)
|
Batting: LHB Jesús Raugel
|
0-0: Called Strike 0-1: Ball 1-1: Swinging Strike 1-2: Foul Ball, location: 2F 1-2: Foul Ball, location: 2F 1-2: Fly out, F9 (Line Drive, 9LD)
|
Batting: RHB Mitsuoki Taguchi
|
0-0: Ball 1-0: Called Strike 1-1: Foul Ball, location: 2F 1-2: Foul Ball, location: 2F 1-2: Strikes out swinging
|
Top of the 5th over - 0 run(s), 0 hit(s), 0 error(s), 0 left on base; Utica 0 - Louisville 0 |
BOTTOM OF THE 5TH |
Louisville Bats batting - Pitching for Utica Unicorns : RHP Manuel González
|
Batting: RHB Jesús Cabrera
|
0-0: Fly out, F9 (Line Drive, 9)
|
Batting: LHB Don Soper
|
0-0: Called Strike 0-1: Ball 1-1: Called Strike 1-2: Ball 2-2: Foul Ball, location: 2F 2-2: Strikes out swinging
|
Batting: RHB John Denton
|
0-0: Ball 1-0: Called Strike 1-1: Foul Ball, location: 2F 1-2: Ground out 6-3 (Groundball, 56)
|
Bottom of the 5th over - 0 run(s), 0 hit(s), 0 error(s), 0 left on base; Utica 0 - Louisville 0 |
TOP OF THE 6TH |
Utica Unicorns batting - Pitching for Louisville Bats : LHP George Moore
|
Batting: RHB José Velázquez
|
0-0: SINGLE (Line Drive, 34D)
|
Batting: LHB Mitchell Oglethorpe
|
0-0: Ball 1-0: Foul Ball, location: 2F 1-1: Foul Ball, location: 2F 1-2: SINGLE (Groundball, 56D) José Velázquez to second
|
Batting: RHB Franklin Shaw
|
0-0: Called Strike 0-1: Grounds into double play, 6-4-3 (Groundball, 6) José Velázquez to third
|
Batting: RHB Jeff Lloyd
|
0-0: Called Strike 0-1: Foul Ball, location: 2F 0-2: Ball 1-2: Foul Ball, location: 2F 1-2: Foul Ball, location: 2F 1-2: Ball 2-2: Fly out, F9 (Line Drive, 9)
|
Top of the 6th over - 0 run(s), 2 hit(s), 0 error(s), 1 left on base; Utica 0 - Louisville 0 |
BOTTOM OF THE 6TH |
Louisville Bats batting - Pitching for Utica Unicorns : RHP Manuel González
|
Batting: RHB Kirk Powell
|
0-0: Foul Ball, location: 2F 0-1: Ground out 1-3 (Groundball, 15S)
|
Batting: RHB Shawn Marshall
|
0-0: Ball 1-0: Ball 2-0: DOUBLE (Line Drive, 9LM)
|
Batting: LHB Ramón Morales
|
0-0: Foul Ball, location: 2F 0-1: Foul Ball, location: 2F 0-2: Ball 1-2: Ball 2-2: Ball 3-2: SINGLE (Flyball, 6MD) Shawn Marshall to third Runner from 3rd tries for Home, SAFE, no throw
|
Batting: RHB Dick Slagboom
|
0-0: Ball 1-0: Ball 2-0: Foul Ball, location: 2F 2-1: Ball 3-1: Fly out, F7 (Flyball, 7S)
|
Batting: RHB Eric Thompson
|
0-0: Ball 1-0: Called Strike 1-1: Ball 2-1: Foul Ball, location: 2F 2-2: Ground out 4-3 (Groundball, 34)
|
Bottom of the 6th over - 1 run(s), 2 hit(s), 0 error(s), 1 left on base; Utica 0 - Louisville 1 |
TOP OF THE 7TH |
Utica Unicorns batting - Pitching for Louisville Bats : LHP George Moore
|
Batting: LHB Raúl Morales
|
0-0: Ball 1-0: Swinging Strike 1-1: Ball 2-1: Foul Ball, location: 2F 2-2: Ground out 5-3 (Groundball, 56S)
|
Batting: LHB Bill Hall
|
0-0: Fly out, F8 (Flyball, 78M)
|
Batting: RHB Gustavo Rodríguez
|
0-0: Foul Ball, location: 2F 0-1: Ball 1-1: Fly out, F8 (Flyball, 8LM)
|
Top of the 7th over - 0 run(s), 0 hit(s), 0 error(s), 0 left on base; Utica 0 - Louisville 1 |
BOTTOM OF THE 7TH |
Louisville Bats batting - Pitching for Utica Unicorns : RHP Manuel González
|
Pitching: RHP Mario González
|
|
Batting: LHB Mike Callahan
|
0-0: Ball 1-0: Hit by Pitch
|
Batting: RHB Jesús Cabrera
|
0-0: Ball 1-0: Ball 2-0: Ball 3-0: Called Strike 3-1: Grounds into double play, 6-4-3 (Groundball, 6)
|
Batting: LHB Don Soper
|
0-0: Called Strike 0-1: Swinging Strike 0-2: Foul Ball, location: 2F 0-2: Foul Ball, location: 2F 0-2: Ball 1-2: Foul Ball, location: 2F 1-2: Foul Ball, location: 2F 1-2: Ball 2-2: Ball 3-2: Base on Balls
|
Pitching: RHP Grant Jackson
|
|
Batting: RHB John Denton
|
0-0: Called Strike 0-1: Ball 1-1: Called Strike Don Soper is caught stealing 2nd base
|
Bottom of the 7th over - 0 run(s), 0 hit(s), 0 error(s), 0 left on base; Utica 0 - Louisville 1 |
TOP OF THE 8TH |
Utica Unicorns batting - Pitching for Louisville Bats : LHP George Moore
|
Batting: LHB Jesús Raugel
|
0-0: Ball 1-0: Ball 2-0: Ball 3-0: Swinging Strike 3-1: Swinging Strike 3-2: Strikes out swinging
|
Pitching: LHP Denny Welch
|
|
Batting: RHB Mitsuoki Taguchi
|
0-0: Ball 1-0: Foul Ball, location: 2F 1-1: Ball 2-1: Called Strike 2-2: SOLO HOME RUN (Flyball, 9LD), Distance : 370 ft
|
Batting: RHB José Velázquez
|
0-0: Ball 1-0: Ball 2-0: Foul Ball, location: 2F 2-1: Foul Ball, location: 2F 2-2: Strikes out swinging
|
Batting: LHB Mitchell Oglethorpe
|
0-0: Called Strike 0-1: Foul Ball, location: 2F 0-2: Foul Ball, location: 2F 0-2: SINGLE (Line Drive, 8RS)
|
Pinch Hitting: RHB Andrew Good
|
0-0: Called Strike 0-1: SINGLE (Groundball, 6D) Mitchell Oglethorpe to second
|
Batting: RHB Jeff Lloyd
|
0-0: Ball 1-0: Swinging Strike 1-1: Ball 2-1: SINGLE (Line Drive, 56D) Mitchell Oglethorpe to third Andrew Good to second
|
Pinch Hitting: RHB Manny Ramírez
|
0-0: Called Strike 0-1: Called Strike 0-2: Strikes out swinging
|
Top of the 8th over - 1 run(s), 4 hit(s), 0 error(s), 3 left on base; Utica 1 - Louisville 1 |
BOTTOM OF THE 8TH |
Louisville Bats batting - Pitching for Utica Unicorns : RHP Grant Jackson
|
Now at 2B: Danny Crouch
|
|
Now in RF: Manny Ramírez
|
|
Batting: RHB John Denton
|
0-0: Ball 1-0: Ball 2-0: Ball 3-0: Called Strike 3-1: Ground out 4-3 (Groundball, 4)
|
Batting: RHB Kirk Powell
|
0-0: Called Strike 0-1: Called Strike 0-2: Strikes out swinging
|
Pinch Hitting: LHB Jeff Forsyth
|
0-0: Ball 1-0: Called Strike 1-1: Foul Ball, location: 2F 1-2: Fly out, F9 (Flyball, 9S)
|
Bottom of the 8th over - 0 run(s), 0 hit(s), 0 error(s), 0 left on base; Utica 1 - Louisville 1 |
TOP OF THE 9TH |
Utica Unicorns batting - Pitching for Louisville Bats : LHP Denny Welch
|
Pitching: RHP John Thompson
|
|
Now at 2B: Enrico Ramos
|
|
Pinch Hitting: LHB José Román
|
0-0: Fly out, F7 (Flyball, 7S)
|
Batting: RHB Gustavo Rodríguez
|
0-0: Ball 1-0: Foul Ball, location: 2F 1-1: Ball 2-1: Fly out, F8 (Flyball, 8LM)
|
Batting: LHB Jesús Raugel
|
0-0: Foul Ball, location: 2F 0-1: Ball 1-1: Fly out, F7 (Flyball, 7S)
|
Top of the 9th over - 0 run(s), 0 hit(s), 0 error(s), 0 left on base; Utica 1 - Louisville 1 |
|